 Dungeon Crawl Stone Soup version 0.27-a0-887-gcab673c142 (webtiles) character file.

Game seed: 7193223598452601773

988 septik the Cleaver (level 7, 0/58 HPs)
             Began as a Minotaur Berserker on Apr 4, 2021.
             Was a Believer of Trog.
             Slain by Pikel
             ... wielding a +1 whip of electrocution
              (8 damage)
             ... on level 5 of the Dungeon.
             The game lasted 00:08:02 (4371 turns).

septik the Cleaver (Minotaur Berserker)             Turns: 4371, Time: 00:08:03

Health: 0/58       AC: 12    Str: 23    XL:     7   Next: 97%
Magic:  6/6        EV:  3    Int:  4    God:    Trog [**....]
Gold:   121        SH: 12    Dex: 10    Spells: 6/6 levels left

rFire    . . .     SeeInvis .   a - +0 hand axe
rCold    . . .     Faith    .   z - +0 tower shield
rNeg     . . .     Spirit   .   k - +0 chain mail
rPois    .         Reflect  .   o - +1 hat
rElec    .         Harm     .   (no cloak)
rCorr    .         Rampage  .   c - +0 pair of gloves
Will     .....                  w - +0 pair of boots
Stlth    ..........             (no amulet)
HPRegen  0.19/turn              (no ring)
MPRegen  0.10/turn              (no ring)

@: berserk cooldown, slowed, very slow
A: horns 2, retaliatory headbutt
a: Renounce Religion, Berserk, Trog's Hand


You were on level 5 of the Dungeon.
You worshipped Trog.
Trog was pleased with you.
You visited 1 branch of the dungeon, and saw 5 of its levels.

You collected 121 gold pieces.

Inventory:

Hand Weapons
 a - a +0 hand axe (weapon)
 y - the +8 flail "Spiderslayer" {pain, +Blink}
   (You found it on level 5 of the Dungeon)

   In the hands of one skilled in necromantic magic, it inflicts extra damage on
   living creatures.
   It lets you blink.
   Trog disapproves of the use of such an item.
Missiles
 e - 3 javelins
 h - 106 stones (quivered)
 s - 6 poisoned darts
Armour
 c - a +0 pair of gloves (worn)
 k - a +0 chain mail (worn)
 o - a +1 hat (worn)
 w - a +0 pair of boots (worn)
 z - a +0 tower shield (worn)
Jewellery
 p - a +6 ring of dexterity
 r - an amulet of guardian spirit
 v - a ring of protection from cold
Scrolls
 b - a scroll of identify
 d - a scroll of blinking {unknown}
 f - a scroll of teleportation {unknown}
 g - a scroll of vulnerability {unknown}
 q - a scroll of fog {unknown}
 t - 2 scrolls of amnesia {unknown}
 u - 3 scrolls of enchant weapon {unknown}
 x - a scroll of fear {unknown}
Potions
 i - a potion of might
 j - 2 potions of heal wounds
 l - 2 potions of haste {unknown}
 m - 2 potions of brilliance {unknown}
 n - a potion of curing {unknown}


   Skills:
 - Level 3.9 Fighting
 + Level 11.2 Axes
 - Level 2.5 Armour
 - Level 2.4 Dodging


You had 6 spell levels left.
You didn't know any spells.
Your spell library was empty.

Dungeon Overview and Level Annotations

Branches:
Dungeon (5/15)
 Temple: D:4-7

Altars:
Uskayaw

Annotations:
D:5 pain flail, Pikel


Innate Abilities, Weirdness & Mutations

You have a pair of horns on your head.
You reflexively headbutt those who attack you in melee.


Message History

You slash Eustachio!
You kill Eustachio!
Trog accepts your kill.
Trog appreciates your killing of a magic user.
The shadow imp disappears in a puff of smoke!
The white imp disappears in a puff of smoke!
The shadow imp disappears in a puff of smoke!
You hit the lemure. The lemure barely misses you.
Your Axes skill increases to level 11!
You slash the lemure!
The lemure is almost dead.
You slash the lemure!
You kill the lemure!
That felt strangely unrewarding.
Pikel the Slaver comes into view.
He is wielding a +1 whip of electrocution.
Items here: ) ? [ †.
You feel a strong urge to attack something.
You feel your anger nearly subside.
You are no longer berserk.
You are exhausted.
You feel yourself slow down. Pikel hits you but does no damage.
You are electrocuted!
Pikel hits you but does no damage. You block Pikel's attack.
Pikel says, "I just want to get paid!"
Pikel hits you with a +1 whip of electrocution.
You are electrocuted!
Pikel waves his whip at you. You block Pikel's attack.
You block Pikel's attack. Pikel hits you but does no damage.
You are electrocuted!
You block Pikel's attack.
You're still recovering from your berserk rage.
Unknown command.
Pikel hits you with a +1 whip of electrocution!
You are electrocuted!
* * * LOW HITPOINT WARNING * * *
Pikel hits you with a +1 whip of electrocution!
You die...

#........ ####
####........ ##..#
###........... ##...#
##...##........
#######..#.#
#..####........
#.......##.# ###.##
#........ ..########.#
#...# #........ .##
##.######K#######..>.....
.#
#......[@[##.............
####
#......[)###.<...........
...###
#........##....)......#.#
.....#
#..[.............).<....#
##.#.##
#........###########..###
#.[..###........# #...#
###....#........# #####
###...........#
##......#####


You could see Pikel.

Vanquished Creatures
  Eustachio (D:5)
  Menkaure (D:5)
  An ice beast (D:5)
  An ogre (D:4)
  4 lemures
  A water moccasin zombie (D:5)
  2 scorpions
  A howler monkey (D:4)
  3 orc priests
  A bullfrog zombie (D:4)
  A centaur skeleton (D:4)
  An orc wizard (D:5)
  A hound zombie (D:5)
  4 gnolls
  5 adders
  A worm (D:3)
  A dart slug (D:3)
  10 orcs
  6 endoplasms
  3 giant cockroaches (D:1)
  3 goblins
  7 hobgoblins
  6 kobolds
  A quokka (D:4)
  A ball python (D:4)
  7 bats
  3 frilled lizards
  3 rats
80 creatures vanquished.

Notes
Turn   | Place    | Note
-------+----------+-------------------------------------------
     0 | D:1      | septik the Minotaur Berserker began the quest for the Orb.
     0 | D:1      | Reached XP level 1. HP: 19/19 MP: 0/0
   441 | D:1      | Reached XP level 2. HP: 27/27 MP: 1/1
   498 | D:1      | Reached skill level 4 in Axes
  1322 | D:2      | Noticed a scorpion
  1331 | D:2      | Killed a scorpion
  1332 | D:2      | Reached skill level 5 in Axes
  1332 | D:2      | Reached XP level 3. HP: 19/33 MP: 2/2
  1332 | D:2      | Reached XP level 4. HP: 24/40 MP: 3/3
  1595 | D:2      | Found a faded altar of an unknown god.
  1601 | D:2      | Reached skill level 6 in Axes
  2121 | D:3      | Reached XP level 5. HP: 46/46 MP: 4/4
  2210 | D:3      | Reached ** piety under Trog
  2527 | D:3      | Reached skill level 7 in Axes
  2788 | D:4      | Noticed an ogre
  2796 | D:4      | Killed an ogre
  2941 | D:4      | Reached XP level 6. HP: 52/52 MP: 5/5
  2944 | D:4      | Reached skill level 8 in Axes
  3038 | D:4      | Found a hide-covered altar of Uskayaw.
  3453 | D:5      | Entered Level 5 of the Dungeon
  3461 | D:5      | Reached skill level 9 in Axes
  3527 | D:5      | Noticed an ice beast
  3545 | D:5      | Killed an ice beast
  3546 | D:5      | Reached XP level 7. HP: 37/58 MP: 6/6
  3729 | D:5      | Noticed Menkaure
  3740 | D:5      | Killed Menkaure
  3741 | D:5      | Reached skill level 10 in Axes
  3774 | D:5      | Identified the +8 flail "Spiderslayer" {pain, +Blink}
  4332 | D:5      | Noticed Eustachio
  4337 | D:5      | Killed Eustachio
  4338 | D:5      | Reached skill level 11 in Axes
  4340 | D:5      | Noticed Pikel
  4371 | D:5      | Slain by Pikel

Illustrated notes

Levels and vault maps discovered:
D:1:      mrwooster_arrival_arrow, layout_loops_ring
D:2:      layout_basic, basic_ecumenical_altar, minmay_crystal_water
D:3:      layout_rooms
D:4:      layout_loops_cross, nicolae_overflow_crystal_walls, minmay_unequal
D:5:      layout_rooms, serial_shops, nicolae_shop_stone,
          ebering_ghost_rock_garden, uniq_pikel, uniq_eustachio, uniq_ijyb,
          uniq_menkaure

Skill      XL: |  1  2  3  4  5  6  7 |
---------------+----------------------+-----
Axes           | 5 6 7 9 11 | 11.2
Fighting       | |  3.9
Armour         | |  2.5
Dodging        | |  2.4

Action                   |  1- 3 |  4- 6 |  7- 9 || total
-------------------------+-------+-------+-------++-------
Melee: Hand axe          |    48 |   111 |    63 ||   222
       Headbutt          |    12 |    12 |    15 ||    39
Throw: Stone             |       |     1 |     4 ||     5
Invok: Berserk           |     1 |     4 |     2 ||     7
       Trog's Hand       |       |     1 |     1 ||     2
  Use: Scroll            |       |     3 |       ||     3
 Stab: Sleeping          |     1 |       |       ||     1
Armor: Animal skin       |    10 |     4 |       ||    14
       Chain mail        |       |    52 |    34 ||    86
Dodge: Dodged            |    22 |    39 |    12 ||    73
Block: Tower shield      |       |       |    32 ||    32

Table legend: (Time is in decaauts)
 A = Elapsed time spent in this place.
 B = Non-inter-level travel time spent in this place.
 C = Inter-level travel time spent in this place.
 D = Time resting spent in this place.
 E = Time spent auto-exploring this place.
 F = Levels seen in this place.
 G = Mean time per level.
                   A        B        C        D        E       F      G
               +--------+--------+--------+--------+--------+-----+--------+
         Total |   4444 |   4322 |    122 |    446 |   3099 |   5 |  888.8 |
       Dungeon |   4444 |   4322 |    122 |    446 |   3099 |   5 |  888.8 |
               +--------+--------+--------+--------+--------+-----+--------+

Top non-repeatable levels by time:
     D:2: 1208 daAuts
     D:4: 1008 daAuts
     D:1: 954 daAuts
     D:5: 778 daAuts
     D:3: 494 daAuts
